Hura, lawful female dwarven Valkyrie -.------------- |...........)[| |..............# |.............|% |.............|# |.....a@.P<...| -----.--------- Hura the Fighter Experience level: 6 Strength: 18/04 Dexterity: 13 Constitution: 17 Intelligence: 7 Wisdom: 10 Charisma: 7 Health: 0(59) Energy: 13(13) Def: 10 Gold: 1050 Moves: 3689 Dungeon seed: IKLTBQrd1dAvBTsZ Game ID: Hura_1522969126 Your Inventory: Coins $ - 1050 gold pieces Amulets B - an uncursed amulet of unchanging Weapons a - the blessed rustproof +1 Excalibur (weapon in hand) f - 11 cursed -2 ya S - a cursed rustproof +1 long sword Armor e - an uncursed +3 small shield (being worn) n - an uncursed +0 pair of low boots q - a cursed +0 orcish helm y - an uncursed +0 banded mail z - an uncursed +0 alchemy smock N - a cursed +1 dwarvish cloak T - a cursed +0 splint mail (being worn) V - an uncursed +0 dwarvish cloak Y - a cursed +0 orcish helm Comestibles c - 4 uncursed food rations d - an uncursed carrot m - 2 uncursed oranges E - 2 uncursed slime molds W - an uncursed partly eaten food ration Scrolls H - a cursed scroll of blank paper P - a cursed scroll of light Spellbooks x - an uncursed spellbook of healing A - an uncursed spellbook of magic missile Potions j - a blessed potion of acid l - an uncursed potion of see invisible r - an uncursed potion of blindness w - a cursed potion of gain energy J - an uncursed potion of monster detection K - a cursed potion of healing L - a cursed potion of object detection O - a cursed potion of blindness Q - an uncursed potion of paralysis R - a cursed potion of hallucination Rings u - an uncursed ring of see invisible I - a cursed ring of levitation Tools h - an uncursed blindfold o - an uncursed lock pick F - an uncursed skeleton key U - a cursed skeleton key Spells and supernatural/magical abilities: Name Level Category Fail Memory W - pray for help -- divine ? -- Your skills at the end: Fighting Skills Weapon Skills dagger [Basic] long sword [Skilled] Spellcasting Skills Final Attributes: You were piously aligned. You were cold resistant. You were level-drain resistant. You were hallucinating. You had automatic searching. You had infravision. You were stealthy. You are dead. Vanquished creatures: a ghost 2 leprechauns 2 blue jellies a dust vortex a rock piercer a yellow light a ghoul a paper golem 3 giant ants a kobold shaman 4 hill orcs a rabid rat 2 orc zombies a wererat a werejackal 3 iguanas a coyote 2 large kobolds 4 giant rats a cave spider 2 red molds 6 garter snakes a gnome zombie 4 geckos a jackal a fox 2 kobolds 3 goblins 4 sewer rats 4 grid bugs 6 bats 2 lichens 2 kobold zombies 7 newts and a partridge in a pear tree 79 creatures vanquished. Voluntary challenges: You had been an atheist until turn 3541. You used a wielded weapon 85 times, starting on turn 14. You read items or engraved 2 times, starting on turn 3465. You never genocided any monsters. You never polymorphed an object. You never changed form. You used no wishes. You never split a pudding. You never wrote Elbereth's name. You never violated your personal moral code. Dungeon overview: The Dungeons of Doom: levels 1 to 7 Level 1 some fountains a long staircase Level 2 a fountain Level 3 a fountain a long staircase Level 4 Level 5 many fountains Level 6 a general store, some fountains stairs to Sokoban Level 7 <- You were here Sokoban: Level 5 stairs to The Dungeons of Doom History has recorded: On T:1 you entered the Dungeons of Doom to retrieve the Amulet of Yendor! On T:452 you reached level 2 of The Dungeons of Doom. On T:707 you advanced to experience level 2. On T:784 you reached level 3 of The Dungeons of Doom. On T:836 you advanced to experience level 3. On T:1131 you reached level 4 of The Dungeons of Doom. On T:1735 you advanced to experience level 4. On T:1845 you reached level 5 of The Dungeons of Doom. On T:2055 you advanced to experience level 5. On T:2449 you reached level 6 of The Dungeons of Doom. On T:2981 you advanced to experience level 6. On T:3440 you reached level 7 of The Dungeons of Doom. On T:3514 you reached level 4 of Sokoban. Score breakdown: Gold: 1050 (10278 points) Experience: 6 levels (12456 points) Exploration: 7 levels ( 13.46%) (10289 points) Discoveries: 5 items ( 2.03%) ( 4276 points) Valuables value: (no points given unless you survive) Artifact value: 4000 (12253 points) Variety of kills: 34 monsters ( 8.92%) ( 8961 points) Turncount: 3689 turns ( -905 points) Survival: died (score multiplied by 80%) Total score: 46086 Latest messages: That food really hit the spot! You stop eating. The jaguar misses. The jaguar hits! The jaguar bites! The jaguar misses. The jaguar hits! The jaguar bites! You hit the jaguar! The jaguar hits! (2x) The jaguar bites! The jaguar hits! The jaguar misses. The jaguar bites! You miss the jaguar. The jaguar hits! (2x) The jaguar misses. The jaguar hits! The jaguar misses. The jaguar bites! The jaguar hits! (2x) The jaguar bites! Oh wow! Everything looks so cosmic! The lynx hits! You die... Final status: Farvel Hura the Valkyrie, killed by a hallucinogen-distorted jaguar... You died in The Dungeons of Doom on dungeon level 7 with 46086 points, and 1050 pieces of gold, after 3689 moves. You were level 6 with a maximum of 59 hit points when you died.